 Dungeon Crawl Stone Soup version 0.17.0-26-gececa24 (webtiles) character file.

1273 Raultor the Transmogrifier (level 8, -4/57 HPs)
             Began as an Octopode Transmuter on Nov 19, 2015.
             Was a Believer of Makhleb.
             Killed by nerve-wracking pain
             ... invoked by Menkaure
              (9 damage)
             ... on level 6 of the Dungeon.
             The game lasted 00:19:20 (7718 turns).

Raultor the Transmogrifier (Octopode Transmuter)    Turns: 7718, Time: 00:19:20

Health: -4/57      AC:  6    Str: 15    XL:     8   Next: 53%
Magic:  8/11       EV: 10    Int: 15    God:    Makhleb [**....]
Gold:   420        SH:  0    Dex: 13    Spells: 3 memorised, 3 levels left

rFire  x . .     SeeInvis .       - Unarmed
rCold  + + +     Clarity  .     (shield currently unavailable)
rNeg   . . .     SustAt   .     (helmet currently unavailable)
rPois  +         Gourm    .     d - amulet of rage
rElec  .         Spirit   .     y - +4 ring of strength
rCorr  .         Warding  .     (no ring)
rMut   .         Stasis   .     (no ring)
MR     .....                    (no ring)
Stlth  +.........               (no ring)
                                (no ring)
                                (no ring)
                                (no ring)

@: ice-form, invisible, not resistant to hostile enchantments, very unstealthy
A: almost no armour, amphibious, 8 rings, (constrict 8), (camouflage 0),
(gelatinous body 0)
a: End Transformation, Minor Destruction, Renounce Religion, Evoke Berserk Rage


You were on level 6 of the Dungeon.
You worshipped Makhleb.
Makhleb was pleased with you.
You were hungry.
You were a creature of crystalline ice.
You visited 1 branch of the dungeon, and saw 6 of its levels.
You also visited: Sewer.

You collected 420 gold pieces.

Inventory:

Missiles
 a - 104 arrows
 g - 206 stones (quivered)
Armour
 r - a +1 shield
Jewellery
 d - an amulet of rage (around neck)
 y - a +4 ring of strength (left front paw)
Wands
 t - a wand of fire (13)
Scrolls
 e - 3 scrolls of fear {unknown}
 f - 2 scrolls of noise {unknown}
 h - 2 scrolls of recharging {unknown}
 i - 5 scrolls of remove curse {unknown}
 j - a scroll of immolation {unknown}
 o - a scroll of magic mapping {unknown}
 p - 2 scrolls of blinking {unknown}
 q - a scroll of teleportation
 u - 2 scrolls of identify {unknown}
 w - a scroll of enchant weapon {unknown}
 x - a scroll of vulnerability {unknown}
Potions
 l - a potion of cure mutation {unknown}
 m - a potion of haste
 n - 2 potions of curing
 v - 2 potions of experience {unknown}
Books
 b - a book of Changes

   Spells                             Type                      Level
   a - Beastly Appendage              Transmutation                1
   b - Sticks to Snakes               Transmutation                2
   c - Spider Form                    Transmutation/Poison         3
   d - Ice Form                       Ice/Transmutation            4
   e - Blade Hands                    Transmutation                5
Comestibles
 c - 4 bread rations
 k - 3 meat rations


   Skills:
 + Level 1.0 Fighting
 + Level 2.0 Dodging
 + Level 3.0 Unarmed Combat
 - Level 2.0 Spellcasting
 + Level 8.0 Transmutations
 - Level 6.2 Ice Magic


You had 3 spell levels left.
You knew the following spells:

 Your Spells              Type           Power        Failure   Level  Hunger
a - Beastly Appendage     Trmt           ####..       1%          1    #......
b - Spider Form           Trmt/Pois      ##........   14%         3    ###....
c - Ice Form              Ice/Trmt       ###.....     14%         4    #####..


Dungeon Overview and Level Annotations

Branches:
Dungeon (6/15)
 Temple: D:4-7

Altars:
Fedhas
Makhleb
Nemelex Xobeh
Vehumet
The Shining One

Shops:
D:4 [

Annotations:
D:6 Menkaure


Innate Abilities, Weirdness & Mutations

You cannot wear most types of armour.
You are amphibious.
You can wear up to eight rings at the same time.
((You can use your tentacles to constrict eight enemies at once.))
((Your skin changes colour to match your surroundings (Stealth).))
((Your rubbery body absorbs attacks (AC +1).))


Message History

Menkaure is moderately damaged.
Menkaure hits you.
You hit Menkaure but do no damage.
Menkaure is moderately damaged.
Menkaure hits you!
* * * LOW HITPOINT WARNING * * *
The ice beast closely misses you.
You punch Menkaure!
Menkaure is severely damaged.
Menkaure calls on the powers of darkness!
Your body is wracked with pain!
* * * LOW HITPOINT WARNING * * *
The ice beast convulses!
The ice beast closely misses you.
Read which item? (? for menu, Esc to quit)
Okay, then.
Drink which item? (? for menu, Esc to quit)
You fade into invisibility!
Menkaure gestures at you while chanting.
Pain shoots through your body!
You die...

### ###...# ...# ##...
.#.....# #... ......#
#... #....># ##.. #
#.....# # #... #..
..... .# #...
#...####.###.# ##...
#..%.MYY.....######8...
##.#####...####...#....
###.....##._......
#.......##...#....
#.#.#...######8...
...#.##### ##...
#####.# ##.. #..# ##..
##.###### ##...


You could see an ice beast and Menkaure.

Vanquished Creatures
  A phantom (D:4)
  Purgy (Sewer)
  An ogre (D:4)
  3 centaurs
  A hound (D:4)
  A giant frog zombie (D:5)
  A centaur zombie (D:5)
  2 orc wizards
  An orc priest (D:5)
  2 iguanas (D:5)
  8 worker ants
  Terence (D:3)
  A killer bee zombie (D:5)
  7 gnolls
  8 adders
  A shadow imp (D:5)
  2 oozes
  2 worms (D:2)
  5 giant geckos
  13 orcs
  2 ball pythons
  7 bats
  4 giant cockroaches
  10 goblins
  6 hobgoblins
  2 jackals (D:3)
  6 kobolds
  3 quokkas
  6 giant newts
  A jackal zombie (D:5)
  A quokka skeleton (D:4)
  8 rats
118 creatures vanquished.

Notes
Turn   | Place    | Note
--------------------------------------------------------------
     0 | D:1      | Raultor the Octopode Transmuter began the quest for the Orb.
     0 | D:1      | Reached XP level 1. HP: 13/13 MP: 3/3
   405 | D:1      | Reached XP level 2. HP: 15/18 MP: 5/5
  1213 | D:2      | Reached XP level 3. HP: 23/23 MP: 6/6
  1222 | D:2      | Learned a level 3 spell: Spider Form
  1467 | D:2      | Found a sparkling altar of Nemelex Xobeh.
  1677 | D:2      | Reached skill level 4 in Transmutations
  1681 | D:2      | Reached XP level 4. HP: 2/28 MP: 7/7
  2596 | D:3      | Reached skill level 5 in Transmutations
  2643 | D:3      | Reached XP level 5. HP: 31/33 MP: 8/8
  2649 | D:3      | Learned a level 4 spell: Ice Form
  2711 | D:3      | Found a burning altar of Makhleb.
  2716 | D:3      | Became a worshipper of Makhleb the Destroyer
  2774 | D:3      | Reached skill level 1 in Ice Magic
  3269 | D:3      | Noticed Terence
  3362 | D:3      | Killed Terence
  3547 | D:4      | Noticed an ogre
  3876 | D:4      | Found Rajyxen's Armour Emporium.
  3918 | D:4      | Found a blossoming altar of Fedhas.
  4146 | D:4      | Reached XP level 6. HP: 29/38 MP: 9/9
  4225 | D:4      | Noticed a phantom
  4239 | D:4      | Killed a phantom
  4239 | D:4      | Reached skill level 6 in Transmutations
  4784 | D:4      | Killed an ogre
  4784 | D:4      | Reached XP level 7. HP: 43/43 MP: 6/10
  4794 | D:4      | Reached * piety under Makhleb
  4835 | D:5      | Entered Level 5 of the Dungeon
  4990 | D:5      | Found a glowing golden altar of the Shining One.
  5087 | D:5      | HP: 2/43 [iguana (14)]
  5138 | D:5      | Found a glowing drain.
  5143 | Sewer    | Entered a sewer
  5170 | Sewer    | Noticed Purgy
  5247 | Sewer    | Killed Purgy
  5247 | Sewer    | Reached skill level 7 in Transmutations
  6056 | D:5      | Reached skill level 5 in Ice Magic
  6056 | D:5      | Reached XP level 8. HP: 29/48 MP: 11/11
  6300 | D:5      | Found a radiant altar of Vehumet.
  6583 | D:5      | Reached ** piety under Makhleb
  7275 | D:6      | Found a glowing golden altar of the Shining One.
  7452 | D:6      | Reached skill level 8 in Transmutations
  7707 | D:6      | Noticed Menkaure
  7718 | D:6      | Killed from afar by Menkaure

Action                   |  1- 3 |  4- 6 |  7- 9 || total
-------------------------+-------+-------+-------++-------
Melee: Unarmed           |    95 |   133 |   147 ||   375
Throw: Stone             |     9 |     8 |     1 ||    18
 Cast: Spider Form       |       |     7 |     5 ||    12
       Ice Form          |       |     1 |     7 ||     8
  Use: Potion            |       |     1 |     9 ||    10
       Scroll            |       |     3 |       ||     3
 Stab: Sleeping          |     6 |     4 |     3 ||    13
  Eat: Chunk             |     2 |     7 |     7 ||    16
       Meat ration       |       |     1 |     1 ||     2
